 Dungeon Crawl Stone Soup version 0.22.0-81-g402daae (webtiles) character file.

42455 JeffiDaFish the Earth Mage (level 14, -3/86 HPs)
             Began as a Gargoyle Earth Elementalist on Sept 14, 2018.
             Was a High Priest of Sif Muna.
             Slain by a komodo dragon (18 damage)
             ... on level 5 of the Lair of Beasts on Sept 16, 2018.
             The game lasted 01:08:40 (20677 turns).

JeffiDaFish the Earth Mage (GrEE)                  Turns: 20677, Time: 01:08:40

Health: -3/86      AC: 19    Str: 16    XL:     14   Next: 19%
Magic:  24/29      EV: 12    Int: 26    God:    Sif Muna [*****.]
Gold:   825        SH:  6    Dex: 10    Spells: 27/36 levels left

rFire    . . .     SeeInvis +   l - +6 dagger "Niocexir" {venom, +Inv rC+ SInv}
rCold    + + .     Gourm    .   C - +2 buckler
rNeg     + + +     Faith    .   n - +2 robe {MR+}
rPois    ∞         Spirit   .   x - +2 hat {MR+}
rElec    +         Reflect  .   (no cloak)
rCorr    .         Harm     .   f - +2 pair of gloves
MR       +++..                  (no boots)
Stlth    +++.......             (no amulet)
HPRegen  0.24/turn              e - ring "Quemas" {rC+ rN++ Str+3 Int+3}
MPRegen  0.21/turn              p - +3 ring of intelligence

@: divine energy
A: big wings, negative energy resistance 1, electricity resistance, unbreathing,
petrification resistance, rot immunity, AC +10
a: Fly, Stop Divine Energy, Channel Magic, Forget Spell, Renounce Religion,
Evoke Invisibility


You were on level 5 of the Lair of Beasts.
You worshipped Sif Muna.
Sif Muna was extremely pleased with you.
You were not hungry.

You visited 3 branches of the dungeon, and saw 17 of its levels.
You also visited: Ice Cave.

You collected 997 gold pieces.
You spent 172 gold pieces at shops.

Inventory:

Hand Weapons
 l - the +6 dagger "Niocexir" (weapon) {venom, +Inv rC+ SInv}
   (You found it on level 4 of the Dungeon)

   It poisons the flesh of those it strikes.
   It protects you from cold.
   It lets you see invisible.
   It lets you turn invisible.
Missiles
 b - 235 stones (quivered)
Armour
 f - a +2 pair of gloves (worn)
 n - a +2 robe of magic resistance (worn)
 x - a +2 hat of magic resistance (worn)
 C - a +2 buckler (worn)
Jewellery
 e - the ring "Quemas" (left hand) {rC+ rN++ Str+3 Int+3}
   (You found it in an ice cave)

   [ring of intelligence]

   It affects your strength (+3).
   It affects your intelligence (+3).
   It protects you from cold.
   It greatly protects you from negative energy.
 p - a +3 ring of intelligence (right hand)
 w - an uncursed ring of resist corrosion
 A - the ring of the Echidna {rC+ MR+ AC+2}
   (You found it on level 9 of the Dungeon)

   [ring of protection]

   It affects your AC (+2).
   It protects you from cold.
   It affects your resistance to hostile enchantments.
Wands
 c - a wand of digging (15)
 k - a wand of paralysis (10)
 v - a wand of disintegration (5)
 I - a wand of iceblast (10)
Scrolls
 a - a scroll of enchant armour
 h - 4 scrolls of identify
 o - a scroll of amnesia
 q - 2 scrolls of fog
 r - 9 scrolls of teleportation
 u - 3 scrolls of remove curse
 y - 3 scrolls of enchant weapon
 z - 2 scrolls of magic mapping
 B - 3 scrolls of fear
 E - a scroll of blinking
 F - a scroll of summoning
Potions
 g - 3 potions of curing
 i - 3 potions of might
 j - 2 potions of flight
 m - a potion of brilliance
 s - 2 potions of agility
 t - a potion of heal wounds
 D - a potion of invisibility
 G - a potion of cancellation
Comestibles
 d - 11 rations


   Skills:
 - Level 9.0 Fighting
 - Level 1.5 Dodging
 - Level 7.3 Stealth
 - Level 4.0 Shields
 + Level 11.7 Spellcasting
 + Level 0.5 Conjurations
   Level 0.7 Transmutations
 * Level 19.7 Earth Magic


You had 27 spell levels left.
You knew the following spells:

 Your Spells              Type           Power        Failure   Level  Hunger
a - Sandblast             Erth           ######       0%          1    None
b - Stone Arrow           Conj/Erth      ######       1%          3    None
c - Lee's Rapid Deconstr  Erth           #######...   1%          5    ###....

Your spell library contained the following spells:

 Spells                   Type           Power        Failure   Level  Hunger
 Passwall                 Tmut/Erth      ######..     1%          2    None
 Leda's Liquefaction      Hex/Erth       ######....   1%          4    None
 Petrify                  Tmut/Erth      ######..     1%          4    None
 Animate Skeleton         Necr           N/A          3%          1    None
 Apportation              Tloc           ###...       3%          1    None
 Beastly Appendage        Tmut           ###...       3%          1    None
 Confusing Touch          Hex            ###...       3%          1    None
 Magic Dart               Conj           ###.         3%          1    None
 Summon Small Mammal      Summ           ###.         3%          1    None
 Sticks to Snakes         Tmut           ###.....     4%          2    None
 Blink                    Tloc           N/A          6%          2    None
 Call Imp                 Summ           ###.....     6%          2    None
 Slow                     Hex            ###.....     6%          2    None
 Swiftness                Chrm/Air       ###.....     6%          2    None
 Spider Form              Tmut/Pois      ###.......   10%         3    None
 Conjure Flame            Conj/Fire      ###.....     11%         3    None
 Mephitic Cloud           Conj/Pois/Air  ###.....     11%         3    None
 Ozocubu's Armour         Chrm/Ice       ###.....     12%         3    None
 Portal Projectile        Hex/Tloc       ###...       12%         3    None
 Ice Form                 Ice/Tmut       ###.....     32%         4    None
 Blade Hands              Tmut           ###.......   63%         5    ###....
 Darkness                 Hex            ###.......   99%         6    #####..


Dungeon Overview and Level Annotations

Branches:
Dungeon (10/15)            Temple (1/1) D:7            Lair (6/6) D:9
 Shoals (0/4) Lair:3        Snake (0/4) Lair:3
  Slime: Lair:5-6       Orc: D:9-12

Altars:
Ashenzari
Cheibriados
Dithmenos
Elyvilon
Fedhas
Gozag
Hepliaklqana
Kikubaaqudgha
Makhleb
Nemelex Xobeh
Okawaru
Qazlal
Ru
Sif Muna
Trog
Uskayaw
Vehumet
Wu Jian
Xom
Yredelemnul
Zin
The Shining One

Shops:
D:6 =

Annotations:
Lair:3 1 runed door, exclusion: oklob plant, leafyfresh's ghost, journeyman DrTm


Innate Abilities, Weirdness & Mutations

You are resistant to torment.
Your stone body is resilient. (AC +10)
You are immune to poison.
Your large and strong wings let you fly indefinitely.
You resist negative energy. (rN+)
You are resistant to electric shocks. (rElec)
You can survive without breathing.
You are immune to petrification.
You are immune to rotting.


Message History

Confirm with . or Enter, or press ? or * to list all spells.
Aiming: Sandblast (safe; 0% risk of failure)
Press: ? - help, Shift-Dir - straight line, f/p - komodo dragon
Aim: a komodo dragon (heavily wounded)
The blast of sand hits the komodo dragon.
The komodo dragon is heavily wounded.
b - 236 stones The blink frog closely misses you.
The komodo dragon bites you!!
* * * LOW HITPOINT WARNING * * *
You block the blink frog's attack.
Casting: Sandblast (safe; 0% risk of failure)
Confirm with . or Enter, or press ? or * to list all spells.
Aiming: Sandblast (safe; 0% risk of failure)
Press: ? - help, Shift-Dir - straight line, f/p - komodo dragon
Aim: a komodo dragon (heavily wounded)
The blast of sand hits the komodo dragon.
The komodo dragon is almost dead.
b - 235 stones The blink frog barely misses you.
The komodo dragon bites you!!
You die...

##...####..............#####....#
#.....#.P...............##......#
#P......÷...............P#......#
.......#..................#...P.#
..........#................###..#
...........................# #..#
.........................#.###...
.....^.........l........#.###P..#
...............F@.......###......
..........#.#...F....#.##........
...........#.........##..........
....................P..P.........
............#....................
.P...............................
.##........#.....................
.#................>..............
####PP...###.....................


You could see a komodo dragon and 2 blink frogs.

Vanquished Creatures
  Gastronok (Lair:3)
  A reaper (IceCv)
  Harold (Lair:1)
  2 hydras
  A two-headed ogre (D:9)
  6 death yaks
  Pikel (D:8)
  10 elephants
  Joseph (D:7)
  6 black mambas
  2 ice statues (IceCv)
  A gargoyle (D:10)
  8 spiny frogs
  6 komodo dragons
  12 ice devils
  A troll (D:9)
  28 blink frogs
  6 dream sheep (Lair:4)
  8 hippogriffs
  A meliai zombie (D:10)
  The ghost of GreenOcha the Cudgeler, an amateur GrFi of Ru (D:5)
  7 spriggans (Lair:2)
  Sigmund (D:5)
  A wraith (D:10)
  18 yaks
  2 wyverns
  A steam dragon (D:8)
  3 basilisks
  2 wargs (D:9)
  9 water moccasins
  5 porcupines
  2 ice beasts
  A black bear (D:7)
  3 orc warriors
  A necrophage (D:9)
  2 sky beasts
  A slave (D:9)
  2 ogres
  4 centaurs
  7 wolves
  13 crocodiles
  A big kobold (D:9)
  15 bullfrogs
  4 scorpions
  A wyvern skeleton (D:6)
  2 crimson imps
  4 jellies
  A quasit (D:8)
  2 bullfrog zombies
  3 orc priests
  2 hounds
  2 iguanas (D:5)
  7 orc wizards
  6 worker ants
  4 gnolls (D:7)
  A howler monkey skeleton (D:10)
  A river rat (D:5)
  14 adders
  A shadow imp (D:5)
  4 white imps (IceCv)
  3 ufetubi (IceCv)
  2 adder zombies (D:6)
  An adder skeleton (D:7)
  5 worms
  A dart slug (D:3)
  5 leopard geckos
  29 orcs
  6 ball pythons
  5 giant cockroaches
  5 goblins
  5 hobgoblins
  8 jackals
  2 quokkas
  7 bats
  5 frilled lizards
  11 kobolds
  4 rats
  2 fungi
370 creatures vanquished.

Vanquished Creatures (others)
  10 white imps (IceCv)
  4 ufetubi (IceCv)
  A kobold (D:9)
  2 fungi (Lair:2)
  4 plants
21 creatures vanquished.

Grand Total: 391 creatures vanquished

Notes
Turn   | Place    | Note
-------+----------+-------------------------------------------
     0 | D:1      | JeffiDaFish the Gargoyle Earth Elementalist began the quest
                  | for the Orb.
     0 | D:1      | Reached XP level 1. HP: 10/10 MP: 3/3
   248 | D:1      | Reached skill level 4 in Earth Magic
   519 | D:1      | Reached XP level 2. HP: 15/15 MP: 0/5
  1086 | D:2      | Reached XP level 3. HP: 19/19 MP: 0/6
  1166 | D:2      | Learned a level 3 spell: Stone Arrow
  1815 | D:3      | Reached skill level 5 in Earth Magic
  1868 | D:3      | Reached XP level 4. HP: 24/24 MP: 5/8
  2161 | D:3      | Reached skill level 6 in Earth Magic
  2161 | D:3      | Reached XP level 5. HP: 18/28 MP: 0/9
  3453 | D:4      | Reached XP level 6. HP: 32/32 MP: 5/11
  3516 | D:4      | Reached skill level 7 in Earth Magic
  3828 | D:4      | Got a brightly glowing dagger
  3830 | D:4      | Identified the +6 dagger "Niocexir" {venom, +Inv rC+ SInv}
                  | (You found it on level 4 of the Dungeon)
  3963 | D:5      | Entered Level 5 of the Dungeon
  3965 | D:5      | Noticed Sigmund
  3970 | D:5      | Killed Sigmund
  3970 | D:5      | Reached XP level 7. HP: 36/36 MP: 4/13
  4007 | D:5      | Found a runed door.
  4012 | D:5      | Noticed GreenOcha's ghost (amateur GrFi)
  4022 | D:5      | Reached skill level 8 in Earth Magic
  4048 | D:5      | Killed GreenOcha's ghost
  4076 | D:5      | Found a runed door.
  4128 | D:5      | Identified the cursed +0 leather armour of Iqoy {rElec
                  | Dex+3} (You found it on level 5 of the Dungeon)
  4260 | D:5      | Learned a level 5 spell: Lee's Rapid Deconstruction
  4276 | D:5      | Reached skill level 9 in Earth Magic
  4528 | D:5      | Reached XP level 8. HP: 41/41 MP: 4/15
  4531 | D:5      | Reached skill level 5 in Spellcasting
  4888 | D:5      | Reached skill level 10 in Earth Magic
  5021 | D:6      | Found a sparkling altar of Nemelex Xobeh.
  5211 | D:6      | Found Emici's Jewellery Emporium.
  5216 | D:6      | Bought a +3 ring of intelligence for 172 gold pieces
  5242 | D:6      | Found a blossoming altar of Fedhas.
  5289 | D:6      | Found a shimmering altar of Xom.
  5290 | D:6      | Found a shimmering altar of Xom.
  5301 | D:6      | Found a shimmering altar of Xom.
  5390 | D:6      | Found a shattered altar of Ashenzari.
  5661 | D:6      | Reached skill level 11 in Earth Magic
  5694 | D:6      | Found a shimmering altar of Xom.
  5700 | D:6      | Found a shimmering altar of Xom.
  5702 | D:6      | Found a shimmering altar of Xom.
  5909 | D:6      | Found a sparkling altar of Nemelex Xobeh.
  5911 | D:6      | Found an iron altar of Okawaru.
  5914 | D:6      | Found a radiant altar of Vehumet.
  6089 | D:7      | Noticed Joseph
  6097 | D:7      | Killed Joseph
  6097 | D:7      | Reached XP level 9. HP: 45/45 MP: 0/18
  6566 | D:7      | Reached skill level 12 in Earth Magic
  6724 | D:7      | Found a burning altar of Makhleb.
  6727 | D:7      | Found a hide-covered altar of Uskayaw.
  6727 | D:7      | Noticed a hand axe
  6727 | D:7      | Noticed a hand axe
  7022 | D:7      | Found a staircase to the Ecumenical Temple.
  7033 | Temple   | Entered the Ecumenical Temple
  7176 | Temple   | Became a worshipper of Sif Muna the Loreminder
  7608 | D:8      | Found a white marble altar of Elyvilon.
  7767 | D:8      | Reached skill level 1 in Fighting
  7949 | D:8      | Found a glowing golden altar of the Shining One.
  7991 | D:9      | Reached skill level 13 in Earth Magic
  8331 | D:9      | Noticed a two-headed ogre
  8347 | D:9      | Found a staircase to the Lair.
  8403 | D:9      | Reached * piety under Sif Muna
  8403 | D:9      | Reached XP level 10. HP: 9/54 MP: 7/21
  8405 | D:9      | Killed a two-headed ogre
  8414 | D:9      | HP: 1/56 [orc warrior/battleaxe (6)]
  8470 | D:9      | Noticed Pikel
  8486 | D:8      | Found a shadowy altar of Dithmenos.
  8494 | D:8      | Killed Pikel
  8829 | D:9      | Reached skill level 14 in Earth Magic
  8854 | D:9      | Got a faintly glowing lead ring
  8855 | D:9      | Identified the ring of the Echidna {rC+ MR+ AC+2} (You
                  | found it on level 9 of the Dungeon)
  8999 | D:9      | Found a radiant altar of Vehumet.
  9212 | D:10     | Entered Level 10 of the Dungeon
  9226 | D:10     | Reached ** piety under Sif Muna
  9337 | D:10     | Noticed a gargoyle
  9338 | D:10     | Killed a gargoyle
  9347 | D:10     | Upgraded the game from 0.22.0-75-g3901e79 to
                  | 0.22.0-81-g402daae
  9698 | D:10     | Reached skill level 5 in Fighting
 10071 | Lair:1   | Entered Level 1 of the Lair of Beasts
 10080 | Lair:1   | Reached XP level 11. HP: 45/64 MP: 9/23
 10158 | Lair:1   | Found a frozen archway.
 10276 | IceCv    | Entered an ice cave
 10312 | IceCv    | Reached skill level 15 in Earth Magic
 10890 | IceCv    | Reached *** piety under Sif Muna
 11672 | IceCv    | Noticed a reaper
 11691 | IceCv    | Killed a reaper
 11824 | IceCv    | Got a vibrating amber ring
 11844 | IceCv    | Identified the ring "Quemas" {rC+ rN++ Str+3 Int+3} (You
                  | found it in an ice cave)
 12045 | Lair:1   | Reached skill level 16 in Earth Magic
 12082 | Lair:1   | Reached **** piety under Sif Muna
 12341 | Lair:1   | Noticed Harold
 12354 | Lair:1   | Killed Harold
 12354 | Lair:1   | Reached XP level 12. HP: 24/73 MP: 11/25
 13019 | Lair:1   | Reached skill level 10 in Spellcasting
 13019 | Lair:1   | Reached skill level 17 in Earth Magic
 13637 | Lair:2   | Noticed a seven-headed hydra
 13643 | Lair:2   | Killed a seven-headed hydra
 14217 | Lair:2   | Reached ***** piety under Sif Muna
 14254 | Lair:2   | Identified Sif Muna's Reference Book on Assistive Beguiling
                  | (Sif Muna gifted it to you on level 2 of the Lair of
                  | Beasts)
 14254 | Lair:2   | Received a gift from Sif Muna
 14377 | Lair:2   | Reached skill level 1 in Shields
 15513 | Lair:3   | Found a runed door.
 15513 | Lair:3   | Found a shimmering altar of Xom.
 15513 | Lair:3   | Noticed leafyfresh's ghost (journeyman DrTm)
 15542 | Lair:3   | Reached XP level 13. HP: 80/80 MP: 14/27
 15589 | Lair:3   | Reached skill level 18 in Earth Magic
 15638 | Lair:3   | Noticed Gastronok
 15639 | Lair:3   | Found a staircase to the Shoals.
 15644 | Lair:3   | Killed Gastronok
 16029 | Lair:3   | Found a staircase to the Snake Pit.
 16945 | Lair:4   | Found a burning altar of Makhleb.
 17344 | Lair:4   | Reached skill level 5 in Stealth
 17857 | Lair:4   | Reached skill level 19 in Earth Magic
 18271 | Lair:4   | Received a gift from Sif Muna
 19315 | Lair:5   | Gained mutation: Your large and strong wings let you fly
                  | indefinitely. [Gargoyle growth]
 19315 | Lair:5   | Reached XP level 14. HP: 86/86 MP: 18/29
 20534 | Lair:6   | Entered Level 6 of the Lair of Beasts
 20677 | Lair:5   | Slain by a komodo dragon

Skill      XL: |  1  2  3  4  5  6  7  8  9 10 11 12 13 14 |
---------------+-------------------------------------------+-----
Earth Magic    | 4 5 6 7 9 11 13 14 16 17 19 | 19.7
Spellcasting   | 3 4 6 7 8 9 10 11 | 11.7
Fighting       | 2 5 7 9 |  9.0
Shields        | 2 4 |  4.0
Stealth        | 6 7 |  7.3
Dodging        | |  1.5
Conjurations   | |  0.5
Transmutations | |  0.7

Action                   |  1- 3 |  4- 6 |  7- 9 | 10-12 | 13-15 || total
-------------------------+-------+-------+-------+-------+-------++-------
Melee: Unarmed           |     8 |       |       |       |       ||     8
       Mace              |    28 |    44 |       |       |       ||    72
       Dagger            |       |       |    69 |    33 |    83 ||   185
 Cast: Sandblast         |    34 |    64 |    67 |   100 |    72 ||   337
       Stone Arrow       |     1 |    11 |    37 |    98 |    85 ||   232
       Lee's Rapid Decon |       |       |    23 |    81 |    45 ||   149
Invok: Divine Energy     |       |       |       |     1 |       ||     1
Evoke: Wand              |       |       |       |    16 |       ||    16
  Use: Scroll            |     6 |     5 |     8 |     9 |     1 ||    29
       Potion            |     5 |     3 |     5 |     6 |       ||    19
 Stab: Sleeping          |     1 |       |     2 |       |       ||     3
       Invisible         |       |     2 |       |       |       ||     2
  Eat: Chunk             |     4 |     6 |    18 |    24 |    13 ||    65
       Ration            |       |       |     1 |     4 |     3 ||     8
Armor: Robe              |    19 |    33 |    49 |    62 |    94 ||   257
Dodge: Dodged            |    34 |    47 |    83 |    63 |    99 ||   326
Block: Buckler           |       |       |       |       |    62 ||    62
